AoeStats
← HerrFischer

Arabian Desert

510292161Analyzed
1v1 RM · 1d ago on Sep 30, 2026· 22m 43s· 2 players
Game mode
Random Map
Map size
Tiny (2 player)
Population
200
Speed
Normal
Resources
Standard
Victory
Conquest
Starting age
Dark Age
Ending age
Imperial Age
RankedLock teamsTeams togetherTeam positionsShared explorationLock speedFull tech treeHidden civsTurbo modeCheats
Victory
Defeat
🇩🇪 Persians · Germany
1227
+16
🇨🇳 Byzantines · China
1217
-16
平安喜乐
7:13 Loom
9:26 Feudal Age
9:51 Loom
9:43 Man-at-Arms
14:15 Double-Bit Axe
24:32 Castle Age
HerrFischer
7:15 Loom
9:41 Feudal Age
10:36 Double-Bit Axe
19:00 Bloodlines
20:09 Wheelbarrow
22:48 Castle Age
21:33 Forging
23:08 Scale Barding Armor
22:38 Elite Skirmisher
Connection lost

Rejoining the realm…

Still unreachable

The connection could not be restored.

Session expired

The server has moved on; the page needs a fresh start.